 Dungeon Crawl Stone Soup version 0.23.2-40-g277498a001 (webtiles) character file.

Game seed: 9956539500449291599

12493 Gildeon the Tainter (level 11, -1/63 HPs)
             Began as a Gargoyle Venom Mage on Oct 10, 2019.
             Was a Believer of Ashenzari.
             Slain by Erica
             ... wielding a +3 scimitar of flaming
              (5 damage)
             ... on level 11 of the Dungeon on Oct 11, 2019.
             The game lasted 01:37:00 (16654 turns).

Gildeon the Tainter (Gargoyle Venom Mage)          Turns: 16654, Time: 01:37:01

Health: -1/63      AC: 16    Str: 12    XL:     11   Next: 94%
Magic:  7/23       EV: 15    Int: 19    God:    Ashenzari [**....]
Gold:   415        SH:  0    Dex: 10    Spells: 11/26 levels left

rFire    . . .     SeeInvis +   A - +2 quarterstaff (chaos)
rCold    . . .     Gourm    .   (shield currently unavailable)
rNeg     + . .     Faith    .   s - +0 robe (curse)
rPois    ∞         Spirit   .   u - +2 helmet (curse)
rElec    +         Reflect  .   D - +0 cloak
rCorr    .         Harm     .   t - +0 pair of gloves (curse)
MR       .....                  x - +0 pair of boots
Stlth    ++++......             (no amulet)
HPRegen  0.20/turn              C - ring of see invisible
MPRegen  0.18/turn              (no ring)

@: no status effects
A: negative energy resistance 1, electricity resistance, unbreathing,
petrification resistance, rot immunity, AC +8
a: Curse Item, Scrying, Renounce Religion


You were on level 11 of the Dungeon.
You worshipped Ashenzari.
Ashenzari was pleased with you.
You were not hungry.

You visited 2 branches of the dungeon, and saw 13 of its levels.

You collected 499 gold pieces.
You spent 84 gold pieces at shops.

Inventory:

Hand Weapons
 A - a +2 quarterstaff of chaos (weapon)
Missiles
 e - a throwing net (quivered)
 n - 266 stones
 v - 22 poisoned needles
Armour
 s - a cursed +0 robe (worn)
 t - a cursed +0 pair of gloves (worn)
 u - a cursed +2 helmet (worn)
 x - a +0 pair of boots (worn)
 y - a +0 shield
 D - a +0 cloak (worn)
Magical Staves
 d - an uncursed staff of power
Jewellery
 C - a ring of see invisible (left hand)
Wands
 a - a wand of digging (6)
 g - a wand of clouds (11)
 j - a wand of polymorph (13)
 w - a wand of flame (18)
Scrolls
 f - 2 scrolls of amnesia
 l - 6 scrolls of magic mapping
 F - a scroll of vulnerability
 G - 2 scrolls of fog
Potions
 h - a potion of might
 i - 6 potions of curing
 k - 3 potions of brilliance
 m - a potion of cancellation
 o - 2 potions of lignification
 p - 2 potions of ambrosia
 q - 2 potions of mutation
 r - a potion of flight
 z - 2 potions of agility
 B - 2 potions of heal wounds
 E - 2 potions of resistance
Comestibles
 c - 12 rations


   Skills:
 - Level 5.0 Fighting
 - Level 4.0 Staves
 + Level 5.2(6.7) Dodging
 - Level 7.0(8.5) Stealth
 - Level 5.1 Shields
 - Level 8.0 Spellcasting
 + Level 6.9 Conjurations
 - Level 3.3 Air Magic
 - Level 9.0 Poison Magic
 + Level 4.0 Evocations


You had 11 spell levels left.
You knew the following spells:

 Your Spells              Type           Power        Failure   Level  Hunger
a - Sting                 Conj/Pois      ####         1%          1    None
b - Poisonous Vapours     Pois/Air       ####..       1%          2    None
c - Mephitic Cloud        Conj/Pois/Air  ####....     1%          3    None
d - Olgreb's Toxic Radia  Pois           #####...     2%          4    ###....
e - Venom Bolt            Conj/Pois      #####.....   10%         5    #####..

Your spell library contained the following spells:

 Spells                   Type           Power        Failure   Level  Hunger


Dungeon Overview and Level Annotations

Branches:
Dungeon (12/15)            Temple (1/1) D:5             Orc (0/2) D:10
   Lair: D:8-11

Altars:
Ashenzari
Cheibriados
Dithmenos
Elyvilon
Fedhas
Gozag
Hepliaklqana
Kikubaaqudgha
Makhleb
Nemelex Xobeh
Okawaru
Qazlal
Ru
Sif Muna
Trog
Uskayaw
Vehumet
Wu Jian
Xom
Yredelemnul
Zin
The Shining One
Beogh

Shops:
D:5 ?

Annotations:
D:5 3 runed translucent doors, Pyrotika's ghost, novice SpAs
D:6 exclusion: oklob plant
D:10 exclusions: bullfrog and unseen horror
D:11 Erica


Innate Abilities, Weirdness & Mutations

You are resistant to torment.
Your stone body is resilient. (AC +8)
You are immune to poison.
You resist negative energy. (rN+)
You are resistant to electric shocks. (rElec)
You can survive without breathing.
You are immune to petrification.
You are immune to rotting.


Message History

The orb of energy hits the wyvern!!
The wyvern dies!
The orb of energy explodes!
The mystic blast hits you!
* * * LOW HITPOINT WARNING * * *
You feel much better.
Evoke which item? (* to show all) (? for menu, Esc to quit)
Aiming: Polymorph
Press: ? - help, Shift-Dir - straight line, f/p - Erica
Aim: Erica, wielding a +3 scimitar of flaming and wearing a +0 robe (severely wounded, poisoned, slightly transparent, chance to defeat MR: 24%) Erica resists with almost no effort.
You hit Erica but do no damage.
Erica is severely wounded.
Erica points at you and mumbles some strange words.
The orb of energy hits you!
* * * LOW HITPOINT WARNING * * *
An orc comes into view.
Erica hits you with a +3 scimitar of flaming!
* * * LOW HITPOINT WARNING * * *
Erica burns you.
You die...

#########(.[.((o.(((
####..#####. #..# #.
##..#####8
#.........
#.(...)...
####(........
########..)[........
#><@@....##...).....
#........##.........
#...................
#..(......o....####.
######.#####...##...
#.# ###....#. #.#
#...... ##.#
##.)###.
#..######..### .


You could see Erica (invisible) and an orc.

Vanquished Creatures
  A two-headed ogre (D:10)
  Urug (D:11)
  A cyclops (D:11)
  3 centaur skeletons
  A red devil (D:11)
  Prince Ribbit (D:5)
  A meliai zombie (D:11)
  A hippogriff (D:10)
  2 wraiths (D:9)
  6 yaks (D:10)
  A vampire (D:11)
  Eustachio (D:5)
  2 porcupines (D:11)
  5 orc warriors
  2 black bears (D:9)
  An ice beast (D:9)
  A necrophage (D:9)
  3 phantoms
  6 centaurs
  4 ogres
  A crocodile (D:11)
  6 bullfrogs
  A wyvern zombie (D:11)
  4 scorpions
  A water moccasin skeleton (D:7)
  26 killer bees
  4 wights
  6 howler monkeys
  An electric eel (D:10)
  3 crimson imps
  4 centaur zombies
  A bullfrog zombie (D:10)
  4 jellies
  2 quasits (D:9)
  11 hounds
  4 human zombies (D:9)
  6 orc priests
  Crazy Yiuf (D:7)
  A bullfrog skeleton (D:7)
  13 orc wizards
  Jessica (D:3)
  7 iguanas
  5 worker ants
  A killer bee zombie (D:6)
  2 hound zombies
  A hound skeleton (D:6)
  3 mummies (D:9)
  A howler monkey zombie (D:9)
  2 worker ant zombies
  11 adders
  7 shadow imps
  3 oozes
  A worm (D:6)
  3 dart slugs
  2 leopard geckos
  50 orcs
  3 ball pythons
  8 giant cockroaches
  5 goblins
  11 hobgoblins
  9 kobolds
  2 quokkas
  8 bats
  4 frilled lizards
  A giant cockroach zombie (D:5)
  A jackal skeleton (D:4)
  A leopard gecko skeleton (D:4)
  An orc zombie (D:9)
  A quokka skeleton (D:6)
  11 rats
310 creatures vanquished.

Vanquished Creatures (collateral kills)
  An orc wizard (D:10)
  2 orcs (D:10)
3 creatures vanquished.

Vanquished Creatures (others)
  A centaur skeleton (D:11)
  A hellwing (D:11)
  A queen bee (D:9)
  A wyvern (D:11)
  21 fungi (D:11)
  2 plants (D:11)
  12 toadstools (D:6)
39 creatures vanquished.

Grand Total: 352 creatures vanquished

Notes
Turn   | Place    | Note
-------+----------+-------------------------------------------
     0 | D:1      | Gildeon the Gargoyle Venom Mage began the quest for the
                  | Orb.
     0 | D:1      | Reached XP level 1. HP: 10/10 MP: 3/3
   478 | D:1      | Reached XP level 2. HP: 15/15 MP: 3/5
   515 | D:1      | Learned a level 2 spell: Poisonous Vapours
   929 | D:1      | Reached XP level 3. HP: 19/19 MP: 4/6
   934 | D:1      | Learned a level 3 spell: Mephitic Cloud
  1709 | D:2      | Reached XP level 4. HP: 20/24 MP: 2/8
  1715 | D:2      | Found a shimmering altar of Xom.
  1717 | D:2      | Found a bloodstained altar of Trog.
  1717 | D:2      | Found a white marble altar of Elyvilon.
  1720 | D:2      | Found a sparkling altar of Nemelex Xobeh.
  1720 | D:2      | Found a shattered altar of Ashenzari.
  1720 | D:2      | Found an ancient bone altar of Kikubaaqudgha.
  1901 | D:2      | Found a snail-covered altar of Cheibriados.
  2005 | D:2      | Found a sacrificial altar of Ru.
  2141 | D:2      | Found an ancient bone altar of Kikubaaqudgha.
  2443 | D:3      | Reached skill level 4 in Poison Magic
  2486 | D:3      | Noticed Jessica
  2491 | D:3      | Killed Jessica
  2491 | D:3      | Reached XP level 5. HP: 13/28 MP: 4/9
  3125 | D:3      | Learned a level 4 spell: Olgreb's Toxic Radiance
  3148 | D:3      | Found a stormy altar of Qazlal.
  3546 | D:4      | Reached skill level 1 in Air Magic
  3588 | D:3      | Reached XP level 6. HP: 32/32 MP: 3/11
  3668 | D:4      | Found an ornate altar of the Wu Jian Council.
  4931 | D:5      | Entered Level 5 of the Dungeon
  5062 | D:5      | Reached XP level 7. HP: 32/36 MP: 1/13
  5160 | D:5      | Found a staircase to the Ecumenical Temple.
  5169 | Temple   | Entered the Ecumenical Temple
  5233 | Temple   | Became a worshipper of Ashenzari the Shackled
  5269 | D:5      | Noticed Eustachio
  5285 | D:5      | Killed Eustachio
  5517 | D:5      | Found a runed translucent gate.
  5517 | D:5      | Noticed Pyrotika's ghost (novice SpAs)
  5730 | D:5      | Found a glowing silver altar of Zin.
  5741 | D:5      | Found a runed translucent gate.
  5741 | D:5      | Found a runed translucent gate.
  5760 | D:5      | Identified the cursed +0 chain mail of Ogixan {Int+3 Dex+3}
  5762 | D:5      | Found a roughly hewn altar of Beogh.
  5792 | D:5      | Noticed Prince Ribbit
  5813 | D:5      | Killed Prince Ribbit
  5813 | D:5      | Reached skill level 5 in Stealth
  5813 | D:5      | Reached XP level 8. HP: 34/41 MP: 4/14
  5873 | D:5      | Learned a level 5 spell: Venom Bolt
  5905 | D:5      | Found Viwev's Magic Scroll Shoppe.
  5909 | D:5      | Bought a scroll of remove curse for 42 gold pieces
  5909 | D:5      | Bought a scroll of remove curse for 42 gold pieces
  6097 | D:5      | Reached skill level 1 in Fighting
  7419 | D:6      | Reached skill level 1 in Evocations
  7720 | D:6      | Reached skill level 5 in Poison Magic
  7826 | D:6      | Reached skill level 5 in Conjurations
  8571 | D:7      | Reached XP level 9. HP: 38/52 MP: 9/15
  9004 | D:7      | Reached skill level 5 in Spellcasting
  9369 | D:7      | Found a runed translucent door.
  9370 | D:7      | Noticed Crazy Yiuf
  9409 | D:7      | Killed Crazy Yiuf
  9575 | D:8      | Reached * piety under Ashenzari
  9675 | D:8      | Reached skill level 5 in Fighting
 10703 | D:9      | Found a hide-covered altar of Uskayaw.
 11106 | D:9      | Noticed a queen bee
 11228 | D:9      | Reached skill level 1 in Staves
 11346 | D:9      | Reached XP level 10. HP: 58/59 MP: 19/19
 11711 | D:9      | Found a glowing golden altar of the Shining One.
 11712 | D:9      | Found an iron altar of Okawaru.
 11818 | D:9      | Reached skill level 6 in Poison Magic
 12666 | D:9      | Found an ancient bone altar of Kikubaaqudgha.
 13034 | D:6      | Found a blossoming altar of Fedhas.
 13057 | D:6      | Reached skill level 5 in Dodging
 13100 | D:6      | Noticed an oklob plant
 13118 | D:6      | Reached ** piety under Ashenzari
 13370 | D:10     | Entered Level 10 of the Dungeon
 13699 | D:10     | Reached skill level 1 in Shields
 13748 | D:10     | Noticed an unseen horror
 13977 | D:10     | Reached skill level 7 in Poison Magic
 13991 | D:10     | Noticed a two-headed ogre
 13997 | D:10     | Reached XP level 11. HP: 44/63 MP: 1/22
 14253 | D:10     | Killed a two-headed ogre
 14404 | D:10     | Found a staircase to the Orcish Mines.
 15241 | D:11     | Noticed Erica
 15321 | D:11     | Noticed Urug
 15405 | D:11     | Noticed a cyclops
 15770 | D:11     | Reached skill level 8 in Poison Magic
 15914 | D:11     | Reached skill level 5 in Shields
 15938 | D:11     | Killed a cyclops
 16314 | D:12     | Noticed a cyan ugly thing
 16391 | D:11     | Killed Urug
 16391 | D:11     | Reached skill level 9 in Poison Magic
 16654 | D:11     | Slain by Erica

Skill      XL: |  1  2  3  4  5  6  7  8  9 10 11 |
---------------+----------------------------------+-----
Dodging        | 2 3 4 5 |  5.2
Spellcasting   | 3 4 6 7 8 |  8.0
Poison Magic   | 4 5 7 9 |  9.0
Air Magic      | 1 2 3 |  3.3
Stealth        | 3 5 6 7 |  7.0
Conjurations   | 3 5 6 |  6.9
Fighting       | 4 5 |  5.0
Evocations     | 2 4 |  4.0
Staves         | 1 4 |  4.0
Shields        | 2 5 |  5.1

Action                   |  1- 3 |  4- 6 |  7- 9 | 10-12 || total
-------------------------+-------+-------+-------+-------++-------
Melee: Unarmed           |     5 |       |       |       ||     5
       Club              |    11 |    11 |       |       ||    22
       Spear             |       |    33 |    39 |       ||    72
       Trident           |       |       |   113 |       ||   113
       Quarterstaff      |       |       |    83 |   425 ||   508
Throw: Stone             |       |       |       |     1 ||     1
 Cast: Sting             |    59 |   151 |   259 |   174 ||   643
       Poisonous Vapours |       |     2 |    22 |    52 ||    76
       Mephitic Cloud    |       |       |     5 |    11 ||    16
       Olgreb's Toxic Ra |       |       |       |     3 ||     3
Invok: Curse Item        |       |       |     2 |       ||     2
Evoke: Wand              |       |       |       |     1 ||     1
  Use: Scroll            |       |    10 |    11 |     4 ||    25
       Potion            |       |       |     5 |     5 ||    10
 Stab: Sleeping          |     1 |       |     3 |     7 ||    11
       Confused          |       |       |     1 |       ||     1
       Paralysed         |       |       |       |     7 ||     7
       Petrified         |       |       |       |     8 ||     8
       Petrifying        |       |       |       |     1 ||     1
  Eat: Chunk             |     3 |    10 |    21 |     4 ||    38
       Ration            |       |       |       |     4 ||     4
Armor: Robe              |    10 |    39 |   191 |   248 ||   488
Dodge: Dodged            |    19 |    78 |   230 |   387 ||   714
